 Dungeon Crawl Stone Soup version 0.31-a0-222-gefeffbb62a (webtiles) character file.

Game seed: 13095084977385654064

314 qw the Chopper (level 6, -3/38 HPs)
             Began as a Gargoyle Fighter on July 4, 2023.
             Was an Initiate of Okawaru.
             Slain by an ogre
             ... wielding a +0 giant club
              (10 damage)
             ... on level 4 of the Dungeon.
             The game lasted 00:01:36 (3853 turns).

qw the Chopper (Gargoyle Fighter)                   Turns: 3853, Time: 00:01:37

Health: -3/38      AC: 17    Str: 22    XL:     6   Next: 43%
Magic:  6/6        EV:  6    Int:  4    God:    Okawaru [......]
Gold:   313        SH:  4    Dex: 12    Spells: 5/5 levels left

rFire   . . .        Y - +1 war axe (drain)
rCold   . . .        c - +0 buckler
rNeg    + + +        e - +0 plate armour
rPois   inf          p - +0 helmet
rElec   +            (no cloak)
rCorr   .            (no gloves)
SInv    .            (no boots)
Will    +....        (no amulet) Stlth
                     f - ring of positive energy
HPRegen 0.26/turn    m - ring "Joci" {rElec rN+ Will+ Int-4 Dex+3}
MPRegen 0.10/turn

%: no passive effects
@: about to teleport
A: sickness immunity, AC +4, negative energy resistance 1, electricity
resistance, torment resistance 1, petrification resistance
a: Renounce Religion


You were on level 4 of the Dungeon.
You worshipped Okawaru.
Okawaru was noncommittal.
You visited 2 branches of the dungeon, and saw 6 of its levels.

You collected 313 gold pieces.


Innate Abilities, Weirdness & Mutations

You are immune to sickness and miasma.
Your stone body is resilient. (AC +4)
You are immune to poison.
You resist negative energy. (rN+)
You are resistant to electric shocks. (rElec)
You are resistant to unholy torment.
You are immune to petrification.


   Skills:
 - Level 4.1 Fighting
 + Level 5.4 Axes
 - Level 3.2 Armour
 - Level 1.0 Dodging
 - Level 3.2 Shields


You had 5 spell levels left.
You didn't know any spells.
Your spell library was empty.

Inventory:

Hand Weapons
 j - a +0 mace
 Y - a +1 war axe of draining (weapon)
Missiles
 b - 2 boomerangs (quivered)
Armour
 c - a +0 buckler (worn)
 e - a +0 plate armour (worn)
 p - a +0 helmet (worn)
Jewellery
 f - a ring of positive energy (left hand)
 m - the ring "Joci" (right hand) {rElec rN+ Will+ Int-4 Dex+3}
   (You found it on level 3 of the Dungeon)

   [ring of willpower]

   Int:       It affects your intelligence (-4).
   Dex:       It affects your dexterity (+3).
   rElec:     It insulates you from electricity.
   rN:        It protects you from negative energy.
   Will:      It increases your willpower.
Scrolls
 l - a scroll of identify
 o - a scroll of teleportation
Potions
 d - a potion of might
 g - a potion of mutation
 i - 3 potions of curing
 n - a potion of enlightenment
 r - a potion of heal wounds

Dungeon Overview and Level Annotations

Branches:
Dungeon (5/15)             Temple (1/1) D:4

Altars:
Ashenzari
Cheibriados
Dithmenos
Elyvilon
Fedhas
Gozag
Hepliaklqana
Kikubaaqudgha
Makhleb
Nemelex Xobeh
Okawaru
Qazlal
Ru
Sif Muna
Trog
Uskayaw
Vehumet
Wu Jian
Yredelemnul
Zin
The Shining One

Annotations:
D:4 1 runed translucent door, qw's ghost, novice MiHs


Message History

The hound bites you.
The ufetubus hits you but does no damage.
You block the ufetubus's attack. The hound bites you but does no damage.
The iguana bites you. The jelly hits you but does no damage.
The ogre hits you with a +0 giant club. You block the orc's attack.
You climb upwards.
Level annotation: 1 runed translucent door, qw's ghost, novice MiHs
There is a stone staircase leading down here.
Enter note:
Enter note:
Enter note:
Enter note:
Enter note:
Enter note:
Enter note:
Enter note:
Enter note:
Enter note:
Enter note:
Enter note:
Enter note:
Enter note:
Enter note:
Enter note:
Enter note:
Enter note:
Enter note:
Enter note:
Enter note:
3852 ||| READING 2 scrolls of teleportation.
As you read the scroll of teleportation, it crumbles to dust.
You feel strangely unstable. You block the hound's attack.
The jelly barely misses you. The orc hits you but does no damage.
You barely miss the orc.
The orc is severely wounded.
You hit the jelly.
Your hands burn!
You hit the ogre. You hit the hound. You drain the hound. The hound bites you.
The ogre hits you with a +0 giant club!
You die...

..........>.......#
#.....#
....##.........#..#
#######
.....#..}...}..#..#
..................#
....##.........#..#
....###.##.##.##..#
....#...........l.#
....#..........OJo#
###########....h@##
#.#.#### #.#.#
#.#.# #...# #####


You could see an ogre, an iguana, a hound (very drained), a jelly and an orc
(very drained).

Vanquished Creatures
  A scorpion (D:4)
  A hound (D:3)
  2 orc priests (D:4)
  An orc wizard (D:4)
  6 adders
  2 worms (D:3)
  6 dart slugs
  2 orcs
  2 endoplasms
  3 giant cockroaches
  4 goblins
  8 hobgoblins
  7 jackals
  4 quokkas
  10 ball pythons
  5 bats
  3 frilled lizards
  5 kobolds
  5 rats
77 creatures vanquished.

Notes
Turn   | Place    | Note
-------+----------+-------------------------------------------
     0 | D:1      | qw the Gargoyle Fighter began the quest for the Orb.
     0 | D:1      | Reached XP level 1. HP: 14/14 MP: 1/1
     0 | D:1      | 0 ||| qw: Version: 0.3-a-46-gb1f654a
     0 | D:1      | 0 ||| qw: Game counter: 937
     0 | D:1      | 0 ||| qw: Melee chars always use a shield: true
     0 | D:1      | 0 ||| qw: God list: Okawaru
     0 | D:1      | 0 ||| qw: Allow faded altars: false
     0 | D:1      | 0 ||| qw: Do Orc after clearing Dungeon:15 true
     0 | D:1      | 0 ||| qw: Do second Lair branch before Depths: true
     0 | D:1      | 0 ||| qw: Lair rune preference: random
     0 | D:1      | 0 ||| qw: Goals: Normal, Zot:1-4, Slime:5, God:TSO, Crypt,
                  | Tomb, Abyss, Pan, Hells, Win
     0 | D:1      | 0 ||| PLANNING D:1-11
    61 | D:1      | Reached skill level 2 in Axes
   197 | D:1      | Reached XP level 2. HP: 18/19 MP: 2/2
   229 | D:1      | 229 ||| Stepping ~*~*~tactically~*~*~ (hiding).
   626 | D:1      | Reached skill level 3 in Axes
   648 | D:1      | 648 ||| DROPPING +0 club.
   657 | D:1      | 657 ||| Stepping ~*~*~tactically~*~*~ (stealth).
   665 | D:1      | Reached XP level 3. HP: 23/23 MP: 3/3
   678 | D:1      | 678 ||| Stepping ~*~*~tactically~*~*~ (stealth).
   858 | D:1      | 858 ||| Stepping ~*~*~tactically~*~*~ (hiding).
  1028 | D:1      | 1028 ||| UPGRADING to +0 plate armour.
  1038 | D:1      | 1038 ||| DROPPING +0 scale mail.
  1039 | D:1      | 1039 ||| READING scroll labelled JYUTSOIXTA.
  1040 | D:1      | 1040 ||| READING scroll labelled HIHICICV GIDIPT.
  1041 | D:1      | 1041 ||| READING scroll labelled DUYTHA YHAURO.
  1042 | D:1      | 1042 ||| READING scroll labelled DANISU LOMIKH.
  1043 | D:1      | 1043 ||| READING 3 scrolls labelled ANKEASHIODU.
  1044 | D:1      | 1044 ||| DRINKING 3 inky potions.
  1072 | D:2      | 1072 ||| Stepping ~*~*~tactically~*~*~ (stealth).
  1121 | D:2      | 1121 ||| Stepping ~*~*~tactically~*~*~ (hiding).
  1123 | D:2      | 1123 ||| Stepping ~*~*~tactically~*~*~ (hiding).
  1144 | D:2      | 1144 ||| Stepping ~*~*~tactically~*~*~ (stealth).
  1148 | D:2      | 1148 ||| Stepping ~*~*~tactically~*~*~ (stealth).
  1149 | D:2      | 1149 ||| Stepping ~*~*~tactically~*~*~ (stealth).
  1157 | D:2      | Reached XP level 4. HP: 23/28 MP: 4/4
  1397 | D:2      | Reached skill level 4 in Axes
  1672 | D:2      | 1672 ||| UPGRADING to ring of positive energy.
  1673 | D:2      | 1673 ||| READING scroll labelled CILAISKE GOME.
  1677 | D:2      | 1677 ||| READING 3 scrolls of identify.
  1677 | D:2      | 1677 ||| IDENTIFYING fizzy orange potion
  1678 | D:2      | 1678 ||| READING 2 scrolls of identify.
  1678 | D:2      | 1678 ||| IDENTIFYING dark potion
  1679 | D:2      | 1679 ||| DROPPING potion of degeneration.
  1886 | D:3      | 1886 ||| Stepping ~*~*~tactically~*~*~ (stealth).
  1894 | D:3      | 1894 ||| Stepping ~*~*~tactically~*~*~ (stealth).
  1898 | D:3      | 1898 ||| Stepping ~*~*~tactically~*~*~ (stealth).
  1904 | D:3      | Reached XP level 5. HP: 30/32 MP: 5/5
  1908 | D:3      | 1908 ||| Stepping ~*~*~tactically~*~*~ (stealth).
  1926 | D:3      | Identified the ring "Joci" {rElec rN+ Will+ Int-4 Dex+3}
  2572 | D:3      | 2572 ||| UPGRADING to +0 helmet.
  2577 | D:3      | 2577 ||| DROPPING +6 ring of intelligence.
  2578 | D:3      | 2578 ||| UPGRADING to ring "Joci" {rElec rN+ Will+ Int-4
                  | Dex+3}.
  2579 | D:3      | 2579 ||| READING scroll labelled UDOIGR ATYDDA.
  2580 | D:3      | 2580 ||| READING 2 scrolls labelled HYVASO COG.
  2581 | D:3      | 2581 ||| READING scroll labelled DIOZOMN UGGUARICIO.
  2582 | D:3      | 2582 ||| READING 3 scrolls of identify.
  2582 | D:3      | 2582 ||| IDENTIFYING fuming yellow potion
  2583 | D:3      | 2583 ||| READING 2 scrolls of identify.
  2583 | D:3      | 2583 ||| IDENTIFYING metallic white potion
  2584 | D:3      | 2584 ||| DROPPING scroll of fear.
  2678 | D:4      | Found a staircase to the Ecumenical Temple.
  2679 | D:4      | 2679 ||| PLANNING TEMPLE
  2690 | Temple   | Entered the Ecumenical Temple
  2815 | Temple   | 2815 ||| PLANNING OKAWARU WORSHIP
  2961 | Temple   | Became a worshipper of Warmaster Okawaru
  2962 | Temple   | 2962 ||| PLANNING D:1-11
  3120 | D:4      | Reached skill level 5 in Axes
  3151 | D:4      | 3151 ||| Stepping ~*~*~tactically~*~*~ (hiding).
  3153 | D:4      | 3153 ||| Stepping ~*~*~tactically~*~*~ (hiding).
  3154 | D:4      | 3154 ||| Stepping ~*~*~tactically~*~*~ (hiding).
  3155 | D:4      | 3155 ||| Stepping ~*~*~tactically~*~*~ (hiding).
  3167 | D:4      | Reached skill level 1 in Dodging
  3167 | D:4      | Reached XP level 6. HP: 18/38 MP: 6/6
  3284 | D:4      | Found a runed translucent door.
  3285 | D:4      | Noticed qw's ghost (novice MiHs)
  3427 | D:4      | 3427 ||| Stepping ~*~*~tactically~*~*~ (stealth).
  3428 | D:4      | 3428 ||| Stepping ~*~*~tactically~*~*~ (stealth).
  3551 | D:4      | 3551 ||| DROPPING amulet of magic regeneration.
  3552 | D:4      | 3552 ||| DRINKING 2 gluggy clear potions.
  3656 | D:4      | 3656 ||| DROPPING potion of berserk rage.
  3680 | D:5      | Entered Level 5 of the Dungeon
  3692 | D:5      | 3692 ||| FLEEEEING.
  3693 | D:5      | 3693 ||| FLEEEEING.
  3694 | D:5      | 3694 ||| FLEEEEING.
  3695 | D:5      | 3695 ||| STAIRDANCE
  3847 | D:5      | Noticed an ice beast
  3850 | D:5      | 3850 ||| STAIRDANCE
  3850 | D:5      | HP: 9/38 [ogre/+0 giant club (5)]
  3852 | D:4      | 3852 ||| READING 2 scrolls of teleportation.
  3853 | D:4      | Slain by an ogre

Levels and vault maps discovered:
D:1:      mainiacjoe_arrival_reflecting_pool, layout_loops_corners
D:2:      layout_loops_cross
D:3:      layout_basic
D:4:      layout_basic, minmay_temple_entry_large_hall, gammafunk_ghost_grave
D:5:      layout_rooms, minivault_27
Temple:   mainiacjoe_temple_hex_bubbles

Skill      XL: |  1  2  3  4  5 |
---------------+----------------+-----
Axes           | 2 3 4 5 |  5.4
Fighting       | 4 |  4.1
Dodging        | 1 |  1.0
Armour         | |  3.2
Shields        | |  3.2

Action                     |  1- 3 |  4- 6 || total
---------------------------+-------+-------++-------
  Melee: War axe           |    72 |    92 ||   164
  Throw: Boomerang         |       |    81 ||    81
    Use: Scroll            |     5 |     9 ||    14
         Potion            |     1 |     1 ||     2
 Armour: Scale mail        |    29 |       ||    29
         Plate armour      |     9 |    50 ||    59
  Dodge: Dodged            |    25 |    27 ||    52
  Block: Buckler           |    11 |    24 ||    35

Table legend:
 A = Non-vault XP
 B = Vault XP
 C = Vault XP percentage of total XP
 D = Non-vault monster count
 E = Vault monster count
 F = Vault count percentage of total count
                 A         B        C        D         E       F
            +---------+---------+-------+---------+---------+-------
      Total |     449 |       0 |   0.0 |      77 |       0 |   0.0
            +---------+---------+-------+---------+---------+-------
        D:1 |      43 |       0 |   0.0 |      22 |       0 |   0.0
        D:2 |      63 |       0 |   0.0 |      15 |       0 |   0.0
        D:3 |      85 |       0 |   0.0 |      22 |       0 |   0.0
        D:4 |     258 |       0 |   0.0 |      18 |       0 |   0.0
            +---------+---------+-------+---------+---------+-------
